 Dungeon Crawl Stone Soup version 0.22.0 (webtiles) character file.

20010 CyclopB the Basher (level 12, -1/88 HPs)
             Began as a Mummy Abyssal Knight on Dec 30, 2018.
             Was a High Priest of Lugonu.
             Slain by a minotaur (9 damage)
             ... in a labyrinth.
             The game lasted 02:32:43 (23084 turns).

CyclopB the Basher (Mummy Abyssal Knight)          Turns: 23084, Time: 02:32:43

Health: -1/88      AC: 20    Str: 21    XL:     12   Next: 41%
Magic:  24/24      EV: 15    Int: 14    God:    Lugonu [*****.]
Gold:   1058       SH:  7    Dex: 12    Spells: 10/15 levels left

rFire    x . .     SeeInvis .   z - +3 flail (freeze)
rCold    + . .     Gourm    .   x - +2 buckler {AC+3}
rNeg     + + +     Faith    .   F - +1 ring mail of the Slightly Bent {rPois rCorr MP+9 Str+4} (curse)
rPois    ∞         Spirit   .   c - +2 helmet
rElec    .         Reflect  .   M - +1 cloak
rCorr    +         Harm     .   A - +1 pair of gloves
MR       +....                  D - +0 pair of boots
Stlth    ++........             (no amulet)
HPRegen  0.24/turn              l - +2 ring of protection
MPRegen  0.19/turn              (no ring)

@: no status effects
A: no food or potions, fire vulnerability, cold resistance 1, negative energy
resistance 3, torment resistance, unbreathing
a: Depart the Abyss, Bend Space, Banish, Corrupt, Enter the Abyss, Renounce
Religion


You were in a labyrinth.
You worshipped Lugonu.
Lugonu was extremely pleased with you.
You were not hungry.

You visited 3 branches of the dungeon, and saw 18 of its levels.
You visited the Abyss 1 time.
You also visited: Labyrinth.

You collected 1058 gold pieces.

Inventory:

Hand Weapons
 a - a +3 whip
 e - a +0 hunting sling
 t - a +2 long sword of protection
 z - a +3 flail of freezing (weapon)
 G - a +0 blowgun
 J - a +1 demon trident of electrocution
Missiles
 d - 6 silver javelins
 f - 413 stones
 j - 172 bolts
 k - 51 poisoned needles
 n - 14 javelins (quivered)
 o - 168 arrows
 s - 22 tomahawks
 w - 71 sling bullets
 L - 3 tomahawks of returning
Armour
 c - a +2 helmet (worn)
 q - the +4 scale mail of Decompression {rN+}
   (You found it on level 4 of the Dungeon)

   It protects you from negative energy.
 x - a +2 buckler of protection (worn)
 A - a +1 pair of gloves (worn)
 D - a +0 pair of boots (worn)
 E - the +3 robe "Qoufeuc" {+Blink MR+ Int+3, unknown}
   (You took it off an orc on level 12 of the Dungeon)

   It affects your intelligence (+3).
   It affects your resistance to hostile enchantments.
   It lets you blink.
 F - the cursed +1 ring mail of the Slightly Bent (worn) {rPois rCorr MP+9 Str+4}
   (You found it on level 9 of the Dungeon)

   It affects your strength (+4).
   It protects you from poison.
   It affects your magic capacity (+9).
   It provides partial protection from all sources of acid and corrosion.
   It has a curse placed upon it.
 M - a +1 cloak (worn)
Magical Staves
 K - an uncursed staff of fire
 N - an uncursed staff of earth
Jewellery
 l - a +2 ring of protection (left hand)
Wands
 r - a wand of acid (7)
 y - a wand of paralysis (6)
 P - a wand of enslavement (13)
Scrolls
 b - 2 scrolls of enchant armour
 g - a scroll of amnesia {unknown}
 h - 13 scrolls of identify
 i - 7 scrolls of remove curse
 m - 3 scrolls of teleportation
 p - 3 scrolls of immolation
 u - 4 scrolls of enchant weapon
 v - a scroll of magic mapping
 B - a scroll of torment {unknown}
 C - 5 scrolls of fear
 H - a scroll of vulnerability {unknown}
 I - a scroll of blinking {unknown}
 O - a scroll of fog {unknown}
 Q - a scroll of acquirement {unknown}


   Skills:
 + Level 6.0 Fighting
 - Level 12.0 Maces & Flails
 - Level 0.1 Polearms
 - Level 0.1(7.7) Staves
 - Level 3.1 Armour
 - Level 8.0 Dodging
 - Level 3.2 Stealth
 - Level 4.1 Shields
 - Level 2.1 Spellcasting
 - Level 6.1 Necromancy
 * Level 4.0 Invocations


You had 10 spell levels left.
You knew the following spells:

 Your Spells              Type           Power        Failure   Level  Hunger
a - Pain                  Necr           ###.         3%          1    N/A
b - Vampiric Draining     Necr           ###.......   9%          3    N/A
c - Animate Skeleton      Necr           N/A          3%          1    N/A

Your spell library contained the following spells:

 Spells                   Type           Power        Failure   Level  Hunger
 Magic Dart               Conj           #...         36%         1    N/A
 Conjure Flame            Conj/Fire      #.......     75%         3    N/A
 Slow                     Hex            #.......     50%         2    N/A
 Mephitic Cloud           Conj/Pois/Air  #.......     75%         3    N/A
 Blink                    Tloc           N/A          50%         2    N/A
 Animate Dead             Necr           N/A          30%         4    N/A
 Call Imp                 Summ           #.......     50%         2    N/A
 Regeneration             Chrm/Necr      ##........   32%         3    N/A
 Stone Arrow              Conj/Erth      #.....       75%         3    N/A
 Passwall                 Tmut/Erth      #.......     50%         2    N/A
 Lee's Rapid Deconstruct  Erth           #.........   100%        5    N/A
 Sandblast                Erth           #.....       36%         1    N/A
 Petrify                  Tmut/Erth      #.......     98%         4    N/A

Dungeon Overview and Level Annotations

Branches:
Dungeon (12/15)            Temple (0/1) D:5            Lair (5/6) D:9
 Shoals (0/4) Lair:2       Spider (1/4) Lair:2          Orc (0/2) D:10
  Slime: Lair:5-6

Altars:
Ashenzari
Cheibriados
Elyvilon
Fedhas
Gozag
Kikubaaqudgha
Nemelex Xobeh
Trog
The Shining One

Shops:
D:7 *

Annotations:
Lair:1 exclusion: oklob plant
Lair:3 Fannar, Urug


Innate Abilities, Weirdness & Mutations

You do not eat or drink.
Your flesh is vulnerable to fire.
You are immune to poison.
Your flesh is cold resistant. (rC+)
You are immune to negative energy. (rN+++)
You are immune to unholy pain and torment.
You can survive without breathing.


Message History

You hit the minotaur. You freeze the minotaur.
The minotaur is heavily wounded.
The minotaur barely misses you. You block the minotaur's attack.
You hit the minotaur. You freeze the minotaur.
The minotaur is heavily wounded.
You hit the minotaur. You freeze the minotaur.
The minotaur is heavily wounded.
The minotaur hits you!
* * * LOW HITPOINT WARNING * * *
You block the minotaur's attack.
You hit the minotaur. You freeze the minotaur.
The minotaur is severely wounded.
The minotaur misses you. The minotaur gores you.
* * * LOW HITPOINT WARNING * * *
You sock the minotaur! You freeze the minotaur.
The minotaur is severely wounded.
The minotaur hits you.
* * * LOW HITPOINT WARNING * * *
The minotaur gores you!
You die...

▓▓▓ ▓▓▓▓▓▓▓▓▓▓▓▓
... . . .......▓
.#.###.###.#.#.##▓
.#.#. .#... .#...▓
#####.### #####@▓
. #.....# #H▓ #
#### # #.▓ #.▓ #.▓
#.▓ #.▓ ..▓ ##▓


You could see a minotaur.

Vanquished Creatures
  A hydra (Lair:5)
  A two-headed ogre (D:9)
  A wolf spider (Lair:2)
  2 elephants (Lair:4)
  A black mamba (Lair:4)
  6 spiny frogs
  2 rime drakes
  4 komodo dragons
  2 jumping spiders (Lair:2)
  A troll (D:11)
  8 hippogriffs
  A spriggan (D:8)
  2 tarantellas (Lair:2)
  2 wyverns (Lair:3)
  2 redbacks (Lair:2)
  16 yaks
  2 hungry ghosts
  3 water moccasins
  4 porcupines
  A swamp drake (D:10)
  An ice beast (D:6)
  A black bear (Lair:2)
  2 sky beasts
  4 orc warriors
  2 phantoms
  5 ogres
  An eye of draining (D:11)
  2 necrophages
  3 centaurs
  A big kobold (D:10)
  11 crocodiles
  15 bullfrogs
  5 scorpions
  A howler monkey (D:6)
  7 wights (D:7)
  An electric eel (Lair:5)
  6 crimson imps
  3 centaur zombies
  3 quasits
  3 bullfrog zombies
  4 bullfrog skeletons
  A hound (D:6)
  5 orc priests
  4 jellies
  7 orc wizards
  11 worker ants
  6 hell rats (Lair:2)
  A hound zombie (D:5)
  2 hound skeletons (D:5)
  A worker ant zombie (D:6)
  13 adders
  2 shadow imps (D:5)
  4 oozes
  An adder skeleton (D:5)
  2 dart slugs
  4 leopard geckos
  39 orcs
  3 ball pythons
  4 bats
  4 giant cockroaches
  6 goblins
  3 hobgoblins (D:2)
  8 jackals
  6 quokkas
  A frilled lizard (D:2)
  9 kobolds
  A leopard gecko skeleton (D:4)
  A quokka skeleton (D:8)
  4 rats
296 creatures vanquished.

Vanquished Creatures (collateral kills)
  2 hydras
  An elephant (Lair:4)
  A wyvern (Lair:4)
  A crocodile (Lair:4)
5 creatures vanquished.

Vanquished Creatures (others)
  4 fungi
  A plant (Lair:5)
5 creatures vanquished.

Grand Total: 306 creatures vanquished

Notes
Turn   | Place    | Note
-------+----------+-------------------------------------------
     0 | Abyss:1  | CyclopB the Mummy Abyssal Knight began the quest for the Orb.
     0 | Abyss:1  | Reached XP level 1. HP: 18/18 MP: 2/2
    26 | Abyss:1  | Noticed a cacodemon
    86 | Abyss:1  | Noticed a small abomination
    90 | Abyss:1  | Noticed a guardian serpent
    96 | D:1      | Escaped the Abyss
   562 | D:1      | Reached skill level 2 in Maces & Flails
   656 | D:1      | Reached skill level 1 in Dodging
   656 | D:1      | Reached XP level 2. HP: 24/24 MP: 3/3
  1285 | D:2      | Found a blossoming altar of Fedhas.
  1322 | D:2      | Reached XP level 3. HP: 27/29 MP: 4/4
  1382 | D:2      | Reached * piety under Lugonu
  1578 | D:2      | Reached skill level 3 in Maces & Flails
  1847 | D:3      | Reached XP level 4. HP: 35/35 MP: 5/5
  1972 | D:3      | Found a sparkling altar of Nemelex Xobeh.
  2252 | D:3      | Found an opulent altar of Gozag.
  2558 | D:4      | Reached XP level 5. HP: 35/41 MP: 6/6
  2618 | D:4      | Reached skill level 4 in Maces & Flails
  2640 | D:4      | Got an encrusted scale mail
  2641 | D:4      | Identified the +4 scale mail of Decompression {rN+} (You found it on level 4 of the Dungeon)
  2978 | D:4      | Found a snail-covered altar of Cheibriados.
  3228 | D:4      | Found a shattered altar of Ashenzari.
  3294 | D:5      | Entered Level 5 of the Dungeon
  3315 | D:5      | Reached XP level 6. HP: 45/47 MP: 7/7
  3472 | D:5      | Noticed a sky beast
  3537 | D:6      | Reached skill level 1 in Stealth
  3691 | D:6      | Reached ** piety under Lugonu
  3691 | D:6      | Reached XP level 7. HP: 41/52 MP: 8/8
  4041 | D:6      | Reached skill level 5 in Maces & Flails
  4330 | D:6      | Reached skill level 6 in Maces & Flails
  4344 | D:6      | Reached XP level 8. HP: 58/58 MP: 9/9
  4413 | D:6      | Reached skill level 1 in Shields
  5276 | D:7      | Found an ancient bone altar of Kikubaaqudgha.
  5278 | D:7      | Found a bloodstained altar of Trog.
  5279 | D:7      | Found a white marble altar of Elyvilon.
  5640 | D:7      | Found Tulup's Assorted Antiques.
  6530 | D:8      | Found a glowing golden altar of the Shining One.
  6790 | D:8      | Reached skill level 5 in Fighting
  6832 | D:8      | Reached XP level 9. HP: 63/68 MP: 10/10
  7267 | D:9      | Reached skill level 7 in Maces & Flails
  7449 | D:9      | Reached *** piety under Lugonu
  7530 | D:9      | Noticed a two-headed ogre
  7934 | D:9      | Got a warped ring mail
  7996 | D:9      | Killed a two-headed ogre
  7996 | D:9      | Reached skill level 9 in Maces & Flails
  8110 | D:9      | Found a staircase to the Lair.
  8576 | D:9      | Identified the cursed +1 ring mail of the Slightly Bent {rPois rCorr MP+9 Str+4} (You found it on level 9 of the Dungeon)
  8578 | D:9      | Learned a level 1 spell: Pain
  8579 | Lair:1   | Entered Level 1 of the Lair of Beasts
  8579 | Lair:1   | Noticed an oklob plant
  8643 | D:10     | Entered Level 10 of the Dungeon
  8772 | D:10     | Reached XP level 10. HP: 67/74 MP: 11/11
  9040 | D:10     | Reached skill level 5 in Dodging
  9862 | D:10     | Found a staircase to the Orcish Mines.
 10208 | D:10     | Reached **** piety under Lugonu
 10336 | D:10     | Reached skill level 1 in Necromancy
 11340 | D:9      | Reached skill level 10 in Maces & Flails
 11923 | Lair:1   | Noticed a spiny frog
 11934 | Lair:1   | Noticed a spiny frog
 11942 | Lair:1   | Killed a spiny frog
 12178 | Lair:1   | Killed a spiny frog
 12256 | Lair:1   | Noticed a spiny frog
 12281 | Lair:1   | Killed a spiny frog
 12441 | Lair:1   | Reached skill level 1 in Spellcasting
 12441 | Lair:1   | Reached XP level 11. HP: 79/81 MP: 12/12
 14400 | Lair:2   | Got a shimmering long sword
 14408 | Lair:2   | Found a hole to the Spider Nest.
 14753 | Lair:2   | Reached skill level 5 in Necromancy
 14946 | Lair:2   | Found a staircase to the Shoals.
 15387 | Lair:3   | Noticed a four-headed hydra
 15638 | Lair:3   | Noticed Urug
 17181 | D:12     | Got a smoking robe
 17271 | D:12     | Noticed a death knight
 17271 | D:12     | Noticed a phantasmal warrior
 17271 | D:12     | Noticed a phantasmal warrior
 17347 | D:11     | Noticed a minotaur
 17885 | D:5      | Reached ***** piety under Lugonu
 17986 | D:5      | Found a staircase to the Ecumenical Temple.
 18420 | Lair:2   | Learned a level 3 spell: Vampiric Draining
 18446 | Spider:1 | Entered Level 1 of the Spider Nest
 18446 | Spider:1 | Noticed an orb spider
 18446 | Spider:1 | Noticed an orb spider
 18446 | Spider:1 | Noticed a wolf spider
 18450 | Spider:1 | Noticed an orb spider
 18791 | Lair:3   | Noticed Fannar
 19257 | Lair:2   | Killed a wolf spider
 19913 | Lair:4   | Reached XP level 12. HP: 76/88 MP: 15/15
 20043 | Lair:4   | Reached skill level 11 in Maces & Flails
 20193 | Lair:4   | Learned a level 1 spell: Animate Skeleton
 20274 | Lair:4   | Noticed a six-headed hydra
 20403 | Lair:4   | Killed a six-headed hydra
 21654 | Lair:5   | Found a labyrinth entrance.
 21703 | Lair:5   | Noticed a seven-headed hydra
 21714 | Lair:5   | Killed a seven-headed hydra
 21747 | Lair:5   | Noticed a six-headed hydra
 21756 | Lair:5   | Killed a six-headed hydra
 21756 | Lair:5   | Reached skill level 12 in Maces & Flails
 21772 | Lab      | Entered a labyrinth
 22127 | Lab      | Noticed a minotaur
 23084 | Lab      | Slain by a minotaur

Skill      XL: |  1  2  3  4  5  6  7  8  9 10 11 12 |
---------------+-------------------------------------+-----
Maces & Flails | 2 3 4 6 9 10 12 | 12.0
Dodging        | 1 2 3 4 6 8 |  8.0
Stealth        | 2 3 |  3.2
Shields        | 4 |  4.1
Fighting       | 5 6 |  6.0
Armour         | 2 3 |  3.1
Necromancy     | 3 6 |  6.1
Spellcasting   | 1 2 |  2.1
Invocations    | 4 |  4.0
Polearms       | |  0.1
Staves         | |  0.1

Action                   |  1- 3 |  4- 6 |  7- 9 | 10-12 || total
-------------------------+-------+-------+-------+-------++-------
Melee: Mace              |    64 |   210 |   303 |       ||   577
       Whip              |       |       |   357 |  1323 ||  1680
       Flail             |       |       |       |   133 ||   133
 Fire: Hunting sling     |    26 |    32 |    79 |   192 ||   329
Throw: Stone             |     3 |    22 |    68 |    94 ||   187
       Javelin           |       |       |       |     1 ||     1
 Cast: Pain              |       |       |       |    23 ||    23
       Animate Skeleton  |       |       |       |    11 ||    11
Invok: Depart the Abyss  |     1 |       |       |       ||     1
       Bend Space        |       |       |       |     3 ||     3
Evoke: Wand              |       |       |     3 |    14 ||    17
  Use: Scroll            |       |     3 |     5 |    14 ||    22
 Stab: Paralysed         |       |       |     8 |     8 ||    16
       Confused          |       |       |       |     2 ||     2
       Distracted        |       |       |       |     1 ||     1
Armor: Ring mail         |    28 |    18 |     9 |   333 ||   388
       Leather armour    |     3 |       |       |       ||     3
       Scale mail        |       |   106 |   269 |       ||   375
Dodge: Dodged            |    36 |   121 |   239 |   551 ||   947
Block: Buckler           |       |       |   127 |   302 ||   429
